 Dungeon Crawl Stone Soup version 0.29.1-1-gd02db6906a (webtiles) character file.

Game seed: 8964144287360151066

103309 experimilk the Severer (level 15, 0/126 (140) HPs)
             Began as a Palentonga Fighter on Oct 9, 2022.
             Was a High Priest of Ru.
             Splashed by a goliath frog's acid (10 damage)
             ... called by a spriggan druid
             ... on level 1 of the Swamp.
             The game lasted 01:51:24 (38933 turns).

experimilk the Severer (Palentonga Fighter)        Turns: 38933, Time: 01:51:25

HP:   0/126 (140)   AC: 35    Str: 34    XL:     15   Next: 88%
MP:   15/15         EV:  6    Int: 10    God:    Ru [*****.]
Gold: 1511          SH: 15    Dex:  9    Spells: 14/14 levels left

rFire   . . .      SeeInvis +   b - +14 obsidian axe {vorpal, Mesm Drain Fly SInv}
rCold   . . .      Faith    .   t - +0 tower shield
rNeg    . . .      Spirit   .   f - +0 plate armour
rPois   .          Reflect  .   d - +2 helmet
rElec   .          Harm     .   y - +0 cloak
rCorr   .          Rampage  .   s - +2 pair of gloves
Will    +....                   r - +5 barding of Insurance {Fly}
Stlth   ..........              (no amulet)
HPRegen 0.31/turn               C - +6 ring of strength
MPRegen 0.14/turn               B - +4 ring of evasion

@: mighty, exhausted, corroded, flying, mesmerised, heavily drained, curled up
A: large, rugged brown scales 3, see invisible, deformed body, no stealth,
inability to use devices, inability to train dodging, no air magic, no
necromancy magic, no transmutations magic, roll 1, armoured tail, reflexive curl
a: Rolling Charge, Renounce Religion, Draw Out Power, Power Leap, Apocalypse


You were on level 1 of the Swamp.
You worshipped Ru.
Ru was extremely pleased with you.
You visited 4 branches of the dungeon, and saw 23 of its levels.
You also visited: Sewer.

You collected 3727 gold pieces.
You spent 2216 gold pieces at shops.

Inventory:

Hand Weapons
 a - a +0 spectral war axe
 b - the +14 obsidian axe (weapon) {vorpal, Mesm Drain Fly SInv}
   (You bought it in a shop on level 2 of the Orcish Mines)

   It inflicts extra damage upon your enemies.
   It occasionally summons demons to assist the wielder when it strikes in
   combat.
   Its wielder is mesmerised by any visible foes.
   It cannot be unequipped while any foes are visible.
   SInv:      It lets you see invisible.
   Fly:       It grants you flight.
   Drain:     It drains your maximum health when unequipped.
 F - a +0 broad axe of protection
 J - a +1 flail of protection
Missiles
 j - a throwing net
Armour
 d - a +2 helmet (worn)
 e - a +0 ring mail of fire resistance
 f - a +0 plate armour (worn)
 r - the +5 barding of Insurance (worn) {Fly}
   (You acquired it on level 12 of the Dungeon)

   Fly:       It grants you flight.
 s - a +2 pair of gloves (worn)
 t - a +0 tower shield (worn)
 y - a +0 cloak (worn)
Jewellery
 c - a ring of ice
 p - a +4 ring of evasion
 B - a +4 ring of evasion (right hand)
 C - a +6 ring of strength (left hand)
Scrolls
 g - 7 scrolls of teleportation
 i - 6 scrolls of magic mapping
 k - a scroll of summoning
 l - 4 scrolls of fear
 m - 2 scrolls of immolation
 u - a scroll of poison
 w - a scroll of enchant weapon
 D - 7 scrolls of identify
 G - 2 scrolls of blinking
Potions
 h - 5 potions of curing
 n - a potion of mutation
 o - 2 potions of cancellation
 q - 2 potions of haste
 v - 4 potions of invisibility
 x - 3 potions of flight
 z - 2 potions of resistance
 A - 2 potions of attraction
 E - 2 potions of lignification
 H - 2 potions of might
 I - a potion of berserk rage


   Skills:
 - Level 16.0 Fighting
 - Level 18.0 Axes
 + Level 10.6 Armour
 + Level 10.9 Shields


You had 14 spell levels left.
You didn't know any spells.
Your spell library contained the following spells:

 Spells                   Type           Power      Damage    Failure   Level
 Apportation              Tloc           0%         N/A       100%        1
 Foxfire                  Conj/Fire      0%         2x1d4     100%        1
 Summon Small Mammal      Summ           0%         N/A       100%        1
 Blink                    Tloc           0%         N/A       100%        2
 Ensorcelled Hibernation  Hex/Ice        0%         N/A       100%        2
 Conjure Flame            Conj/Fire      0%         6-21      100%        3
 Frozen Ramparts          Ice            0%         1d1       100%        3
 Inner Flame              Hex/Fire       0%         N/A       100%        3
 Lesser Beckoning         Tloc           0%         N/A       100%        3
 Stone Arrow              Conj/Erth      0%         3d7       100%        3
 Animate Armour           Summ/Erth      0%         N/A       100%        4
 Flame Wave               Conj/Fire      0%         2d4       100%        4
 Summon Ice Beast         Ice/Summ       0%         N/A       100%        4
 Iskenderun's Battlesphe  Conj           0%         2d6       100%        5
 Manifold Assault         Tloc           0%         N/A       100%        5
 Dispersal                Tloc           0%         N/A       100%        6
 Iron Shot                Conj/Erth      0%         9d1       100%        6
 Spellforged Servitor     Conj/Summ      0%         N/A       100%        7
 Summon Hydra             Summ           0%         N/A       100%        7
 Disjunction              Tloc           0%         N/A       100%        8
 Lehudib's Crystal Spear  Conj/Erth      0%         10d2      100%        8
 Polar Vortex             Ice            0%         N/A       100%        9
 Necrotise                Necr           Unusable   1d4       N/A         1
 Sublimation of Blood     Necr           Unusable   N/A       N/A         2
 Wereblood                Tmut           Unusable   N/A       N/A         2
 Spider Form              Tmut/Pois      Unusable   N/A       N/A         3
 Anguish                  Hex/Necr       Unusable   N/A       N/A         4
 Ice Form                 Ice/Tmut       Unusable   N/A       N/A         4
 Freezing Cloud           Conj/Ice/Air   Unusable   6-21      N/A         5
 Simulacrum               Ice/Necr       Unusable   N/A       N/A         6

Dungeon Overview and Level Annotations

Branches:
Dungeon (15/15)            Temple (0/1) D:4            Lair (5/5) D:10
  Swamp (1/4) Lair:3        Snake (0/4) Lair:2        Slime (0/5) Lair:4
    Orc (2/2) D:12            Elf (0/3) Orc:2        Vaults (0/5) D:13
  Sewer (visited)
 Depths: D:15

Altars:
Ashenzari
Dithmenos
Fedhas
Gozag
Hepliaklqana
Kikubaaqudgha
Makhleb
Qazlal
Ru
Uskayaw
Vehumet
Yredelemnul
The Shining One
Jiyva

Shops:
D:2 =   Orc:1 *   Orc:2 :(!:

Portals:
Trove: D:14 (give +4 fire dragon scales)

Annotations:
D:3 1 runed translucent door, unlimited1921's ghost, amateur DjFE
D:6 2 transporters, XxsatanxX's ghost, novice MiBe
D:10 hobodrago's ghost, journeyman TrFi
Lair:3 1 runed translucent door, exclusion: oklob plant


Innate Abilities, Weirdness & Mutations

You are completely covered in rugged brown scales. (AC +3, +7% HP)
You have supernaturally acute eyesight. (SInv)
Armour fits poorly on your strangely shaped body.
You cannot be stealthy.
You cannot study or use magical devices.
You cannot train Dodging skill.
You cannot study or cast Air magic.
You cannot study or cast Necromancy magic.
You cannot study or cast Transmutations magic.
You can roll at nearby foes to attack.
You have a long armoured tail.
You curl defensively after being hit. (AC +7*)


Message History

You barely miss the bog body.
The bog body is moderately damaged.
The goliath frog hits you but does no damage.
The bog body is stunned by your conviction and fails to attack.
Your ice devil hits the bog body!
Your ice devil freezes the bog body!
The bog body resists.
You break out of your daze!
The bog body is destroyed!
You are restored by drawing out deep reserves of power within.
You feel drained.
Visions of slaying the goliath frog flood into your mind.
The goliath frog hits you but does no damage.
The eleionoma flows through the trees.
There's nothing you can charge at!
Unknown command.
Unknown command.
You closely miss the eleionoma. You tail-slap the eleionoma!
The eleionoma is lightly wounded.
Visions of slaying the eleionoma flood into your mind.
You block the goliath frog's attack.
You slice the eleionoma!!
The eleionoma is heavily wounded.
The eleionoma hits you but does no damage.
The goliath frog hits you from afar!!
* * * LOW HITPOINT WARNING * * *
The acid corrodes you!
You are splashed with acid!
* * * LOW HITPOINT WARNING * * *
You focus your inner power and blind the goliath frog in retribution!
Your ice devil hits the eleionoma!
Your ice devil freezes the eleionoma!!
You slice the eleionoma!!
You are no longer entranced.
You kill the eleionoma!
An eleionoma bone magically twists into a shiny ivory wand.
Visions of slaying the goliath frog flood into your mind.
You block the goliath frog's attack. There's nothing you can charge at!
The goliath frog hits you!
* * * LOW HITPOINT WARNING * * *
You are splashed with acid!
You die...

♣~..♣§.~~~~~.F.~~~.♣.~..
.~.~~♣.~~~~~...♣♣~~~.~~~
♣..~~~.~~§~~~....~~.~~~~
..~.~!~....~~~...♣~.~~~~
..§.~.~:.~~~........~♣~~
~~§...§.§§.♣....~..~~~~.
~.§>~.......§~~~~~.~~~♣♣
♣~~♣~~..F...~♣~~~~.~.♣♣
♣.~~.~.@4♣♣~♣~~~~~~~~~♣
♣.~~~.~~†.♣.~~~§~~~§>.♣
♣.~~~.♣)..♣~~..~..~~~~♣
♣.~~~.♣~.~....♣~~~.~
♣.......|....~~~~..
♣.~~~......#..~ ♣~~~
.#.#...... ~...
.#.#....#. #.###....#


You could see a goliath frog (mesmerising, strong, blind, corona, ally target)
and a friendly ice devil (summoned).

Vanquished Creatures
  Rupert (D:12)
  Jorgrun (D:15)
  Frances (D:12)
  Kirke (D:15)
  A stone giant (D:15)
  2 eleionomae (Swamp:1)
  A bunyip (Swamp:1)
  A fire dragon (Lair:2)
  Josephine (D:9)
  Fannar (D:10)
  2 boulder beetles
  8 hydras
  Erica (D:10)
  A centaur warrior (D:15)
  3 ogre magi (Orc:2)
  4 catoblepae (Lair:5)
  A death knight (D:15)
  2 two-headed ogres
  2 tengu warriors (D:15)
  7 death yaks
  Nergalle (D:10)
  3 skeletal warriors (D:15)
  A spriggan druid (Swamp:1)
  5 swamp dragons (Swamp:1)
  A bog body (Swamp:1)
  A harpy (shapeshifter) (D:13)
  2 wizards
  Pikel (D:7)
  2 orc knights
  6 deep elf pyromancers
  2 cyclopes (D:13)
  A manticore (shapeshifter) (D:15)
  4 ugly things (D:15)
  7 orc sorcerers (Orc:2)
  9 manticores
  36 elephants
  Maurice (D:12)
  8 black mambas
  12 cane toads
  A torpor snail (Lair:4)
  A gargoyle (D:13)
  An unseen horror (D:12)
  A kobold demonologist (D:9)
  An efreet (D:15)
  3 komodo dragons
  4 rime drakes
  8 trolls
  A tengu conjurer (D:14)
  A bloated husk (Swamp:1)
  3 polar bears
  A tyrant leech (Swamp:1)
  8 blink frogs (Lair:5)
  A hornet (D:9)
  4 dream sheep (Lair:4)
  10 slime creatures
  7 wraiths
  8 wyverns
  3 shadows
  53 yaks
  2 basilisks
  4 hogs (D:15)
  13 vampire mosquitoes
  2 wargs (Orc:2)
  2 nagas (Lair:2)
  2 swamp worms (Swamp:1)
  9 water moccasins
  An acid dragon (D:11)
  An ice beast (D:6)
  18 orc warriors
  A sky beast (D:7)
  7 ogres
  20 wolves
  3 boggarts (D:14)
  3 centaurs
  4 kobold brigands
  A gnoll sergeant (D:10)
  13 bullfrogs
  A necrophage (D:6)
  A wyvern zombie (D:9)
  9 wights (D:9)
  5 killer bees (D:9)
  2 howler monkeys
  An electric eel (Lair:3)
  A lava snake (D:8)
  7 jellies
  12 orc priests
  5 hounds
  2 gnoll boudas
  Natasha (thrice) (D:2)
  3 iguanas
  37 orc wizards
  5 hell rats
  14 gnolls
  9 adders
  3 river rats
  3 shadow imps
  12 white imps (Lair:2)
  8 worms
  3 dart slugs
  74 orcs
  7 bats
  5 endoplasms
  12 giant cockroaches
  10 goblins
  10 hobgoblins
  5 quokkas
  12 ball pythons
  5 frilled lizards
  17 kobolds
  8 rats
  A spectral orc (D:6)
683 creatures vanquished.

Vanquished Creatures (collateral kills)
  A two-headed ogre (D:13)
  A skeletal warrior (D:15)
  A bog body (Swamp:1)
  A vampire (D:13)
  2 vampire mosquitoes (D:15)
6 creatures vanquished.

Vanquished Creatures (others)
  Snorg (D:11)
  2 hydras
  An elephant (Lair:5)
  A manticore (D:9)
  A freezing wraith (D:12)
  A bloated husk (Swamp:1)
  A tyrant leech (Swamp:1)
  A troll (Orc:2)
  A human (D:9)
  A boggart (D:14)
  An orc priest (D:7)
  An orc wizard (Orc:2)
  An orc (D:9)
  59 fungi
  54 plants
  2 withered plants (D:9)
129 creatures vanquished.

Grand Total: 818 creatures vanquished

Notes
Turn   | Place    | Note
-------+----------+-------------------------------------------
     0 | D:1      | experimilk the Palentonga Fighter began the quest for the
                  | Orb.
     0 | D:1      | Reached XP level 1. HP: 19/19 MP: 1/1
   381 | D:1      | Reached XP level 2. HP: 25/25 MP: 2/2
   437 | D:1      | Reached skill level 3 in Axes
  1421 | D:2      | Found Teow's Jewellery Boutique.
  1498 | D:2      | Reached XP level 3. HP: 31/31 MP: 3/3
  1501 | D:2      | Noticed Natasha
  1513 | D:2      | Killed Natasha
  1514 | D:2      | Reached skill level 4 in Axes
  1806 | D:2      | Noticed Natasha
  1812 | D:2      | Killed Natasha
  1813 | D:2      | Reached XP level 4. HP: 34/37 MP: 4/4
  1988 | D:2      | Noticed Natasha
  1997 | D:2      | Killed Natasha
  1998 | D:2      | Reached skill level 5 in Axes
  2366 | D:2      | Reached XP level 5. HP: 34/43 MP: 5/5
  3139 | D:3      | Found a sacrificial altar of Ru.
  3161 | D:3      | Reached skill level 1 in Evocations
  3785 | D:3      | Found a runed translucent door.
  3790 | D:3      | Noticed unlimited1921's ghost (amateur DjFE)
  4232 | D:3      | Became a worshipper of Ru the Awakened
  4296 | D:4      | Reached skill level 6 in Axes
  4557 | D:4      | Reached XP level 6. HP: 48/50 MP: 6/6
  4909 | D:4      | Found a staircase to the Ecumenical Temple.
  5135 | D:4      | Found a hide-covered altar of Uskayaw.
  5677 | D:5      | Entered Level 5 of the Dungeon
  5804 | D:5      | Found a shadowy altar of Dithmenos.
  5836 | D:5      | Reached skill level 7 in Axes
  5906 | D:5      | Found a glowing drain.
  5911 | Sewer    | Entered a sewer
  6182 | Sewer    | Gained mutation: You curl defensively after being hit. (AC
                  | +7*) [Palentonga growth]
  6182 | Sewer    | Reached XP level 7. HP: 49/55 MP: 7/7
  6369 | Sewer    | Reached skill level 8 in Axes
  6674 | D:5      | Found a burning altar of Makhleb.
  6689 | D:5      | Gained mutation: You cannot train Dodging skill. [Ru
                  | sacrifice]
  6689 | D:5      | Reached * piety under Ru
  6797 | D:5      | Found a blossoming altar of Fedhas.
  7109 | D:5      | Found a large runed translucent door.
  7111 | D:5      | Found a large runed translucent door.
  7385 | D:5      | HP: 1/82 [gnoll/+0 spear[a gnoll bouda] (6)]
  7894 | D:5      | Found an opulent altar of Gozag.
  7899 | D:5      | Found a hazy altar of Hepliaklqana.
  8220 | D:6      | Noticed a steam dragon
  8221 | D:6      | Noticed a fire bat
  8221 | D:6      | a steam dragon changed into a fire bat
  8222 | D:6      | a fire bat changed into a bat
  8246 | D:6      | Reached skill level 9 in Axes
  8553 | D:6      | Found a basalt altar of Yredelemnul.
  8578 | D:6      | Found a broken altar of Ashenzari.
  8776 | D:6      | Reached XP level 8. HP: 62/62 MP: 8/8
  8928 | D:6      | Found a transporter.
  8935 | D:6      | Noticed XxsatanxX's ghost (novice MiBe)
  8950 | D:6      | Found a transporter.
  9288 | D:6      | Reached skill level 10 in Axes
  9540 | D:6      | Identified the +0 leather armour of Rouhaf {Int+3 Dex+3}
  9906 | D:7      | Noticed Pikel
  9910 | D:7      | Killed Pikel
  9911 | D:7      | Reached skill level 11 in Axes
 10410 | D:7      | Reached XP level 9. HP: 67/67 MP: 9/9
 10418 | D:7      | Gained mutation: You cannot study or use magical devices.
                  | [Ru sacrifice]
 10418 | D:7      | Reached ** piety under Ru
 10418 | D:7      | Reached *** piety under Ru
 10418 | D:7      | Reached **** piety under Ru
 10699 | D:8      | Reached skill level 12 in Axes
 11054 | D:8      | Noticed a two-headed ogre
 11057 | D:8      | Killed a two-headed ogre
 11058 | D:8      | Reached skill level 13 in Axes
 11611 | D:9      | Reached skill level 14 in Axes
 11619 | D:9      | Reached XP level 10. HP: 49/74 MP: 10/10
 11812 | D:9      | Paralysed by a hornet for 1 turns
 11943 | D:9      | Noticed a manticore
 11956 | D:9      | Killed a manticore
 11957 | D:9      | Reached skill level 15 in Axes
 13056 | D:9      | Found an ancient bone altar of Kikubaaqudgha.
 13099 | D:10     | Entered Level 10 of the Dungeon
 13107 | D:10     | Noticed Josephine
 14249 | D:10     | Noticed a death yak
 14252 | D:10     | Noticed a deep elf pyromancer
 14253 | D:10     | Noticed a death yak
 14256 | D:10     | Noticed a death yak
 14258 | D:10     | Killed a death yak
 14628 | D:10     | Found a glowing golden altar of the Shining One.
 14814 | D:10     | Found a staircase to the Lair.
 14818 | D:10     | Noticed Fannar
 14907 | D:10     | Reached skill level 16 in Axes
 15068 | D:10     | Noticed Nergalle
 15199 | D:10     | Killed Nergalle
 15413 | D:10     | Reached skill level 5 in Fighting
 15413 | D:10     | Reached XP level 11. HP: 60/84 MP: 11/11
 15416 | D:9      | Killed Josephine
 15748 | D:9      | Gained mutation: You cannot study or cast Air magic. [Ru
                  | sacrifice]
 15748 | D:9      | Gained mutation: You cannot study or cast Transmutations
                  | magic. [Ru sacrifice]
 15748 | D:9      | Gained mutation: You cannot study or cast Necromancy magic.
                  | [Ru sacrifice]
 15748 | D:9      | Reached ***** piety under Ru
 15998 | D:10     | Noticed Erica
 16002 | D:10     | Killed Erica
 16199 | D:10     | Killed a death yak
 16204 | D:10     | Killed a death yak
 16206 | D:10     | Killed Fannar
 16243 | D:10     | Killed a deep elf pyromancer
 16626 | D:10     | Found a runed translucent gate.
 16627 | D:10     | Found a runed translucent gate.
 16627 | D:10     | Found a runed translucent gate.
 16627 | D:10     | Noticed a nine-headed hydra
 16628 | D:10     | Noticed hobodrago's ghost (journeyman TrFi)
 16629 | D:10     | Noticed a nine-headed hydra
 17322 | Lair:1   | Entered Level 1 of the Lair of Beasts
 17334 | Lair:1   | Reached skill level 5 in Shields
 17374 | Lair:1   | Reached skill level 5 in Armour
 17377 | Lair:1   | Reached XP level 12. HP: 96/97 MP: 12/12
 19025 | Lair:2   | Noticed an eight-headed hydra
 19036 | Lair:2   | Killed an eight-headed hydra
 19730 | Lair:2   | Reached skill level 10 in Fighting
 20080 | Lair:2   | Noticed a fire dragon
 20089 | Lair:2   | Killed a fire dragon
 20440 | Lair:2   | Found a staircase to the Snake Pit.
 21621 | Lair:3   | Found a runed translucent door.
 21622 | Lair:3   | Noticed a four-headed hydra
 21793 | Lair:3   | Found a staircase to the Swamp.
 22020 | Lair:3   | Reached XP level 13. HP: 113/113 MP: 13/13
 23456 | Lair:4   | Found a staircase to the Slime Pits.
 23585 | Lair:5   | Entered Level 5 of the Lair of Beasts
 25417 | Lair:5   | Reached XP level 14. HP: 87/124 MP: 9/14
 26279 | Lair:5   | Reached skill level 17 in Axes
 28379 | D:11     | Identified a scroll of acquirement
 28380 | D:11     | Acquired 1055 gold pieces
 29470 | D:11     | Noticed Snorg
 29815 | D:11     | Killed Snorg
 30103 | D:12     | Noticed Rupert
 30103 | D:12     | Paralysed by Rupert for 4 turns
 30110 | D:12     | Killed Rupert
 30273 | D:12     | Reached skill level 18 in Axes
 30281 | D:12     | Acquired the +5 barding of Insurance {Fly}
 30319 | D:12     | Noticed Frances
 30330 | D:12     | Killed Frances
 30538 | D:12     | Noticed Maurice
 30545 | D:12     | Killed Maurice
 30600 | D:12     | Found a staircase to the Orcish Mines.
 30614 | D:12     | Gained mutation: You cannot be stealthy. [Ru sacrifice]
 30912 | D:12     | Found a viscous altar of Jiyva.
 31198 | Orc:1    | Entered Level 1 of the Orcish Mines
 31767 | Orc:1    | You are sucked into a shaft and drop 1 floor!
 31767 | Orc:2    | Entered Level 2 of the Orcish Mines
 32065 | Orc:1    | Found Jiconing's General Store.
 32157 | Orc:1    | Bought a scroll of identify for 34 gold pieces
 32157 | Orc:1    | Bought a potion of might for 68 gold pieces
 32598 | Orc:2    | Found a staircase to the Elven Halls.
 33041 | Orc:2    | Found Fecefat's Distillery.
 33050 | Orc:2    | Paralysed by an ogre mage for 3 turns
 33375 | Orc:2    | Found Bofriom's Book Emporium.
 33393 | Orc:2    | Found a radiant altar of Vehumet.
 33406 | Orc:2    | Reached XP level 15. HP: 98/125 MP: 15/15
 33512 | Orc:2    | Bought a potion of invisibility for 104 gold pieces
 33512 | Orc:2    | Bought a potion of berserk rage for 65 gold pieces
 33512 | Orc:2    | Bought a potion of might for 52 gold pieces
 33512 | Orc:2    | Bought a potion of might for 52 gold pieces
 33574 | Orc:2    | Found an ancient bone altar of Kikubaaqudgha.
 33875 | Orc:2    | Found Ysudy's Antique Weapon Emporium.
 33881 | Orc:2    | Found Qoelioli's Book Emporium.
 33896 | Orc:2    | Bought the +14 obsidian axe {vorpal, Mesm Drain Fly SInv}
                  | for 1841 gold pieces
 33896 | Orc:2    | Found the +14 obsidian axe {vorpal, Mesm Drain Fly SInv}
 34500 | D:13     | Found a gate to the Vaults.
 34994 | D:13     | Reached skill level 15 in Fighting
 36319 | D:14     | Found a portal to a secret trove of treasure.
 36910 | D:15     | Entered Level 15 of the Dungeon
 36928 | D:15     | Reached skill level 10 in Shields
 37408 | D:15     | Reached skill level 10 in Armour
 37858 | D:15     | Noticed Jorgrun
 37864 | D:15     | Killed Jorgrun
 38055 | D:15     | Noticed Kirke
 38062 | D:15     | Killed Kirke
 38149 | D:15     | Found a stormy altar of Qazlal.
 38547 | Swamp:1  | Entered Level 1 of the Swamp
 38933 | Swamp:1  | Splashed by a goliath frog's acid

Illustrated notes

Levels and vault maps discovered:
D:1:      minmay_arrival_loop, layout_loops_ring
D:2:      layout_loops_cross, serial_shops, nicolae_shop_behind_doors,
          minivault_23, minmay_box_of_dots, uniq_natasha
D:3:      layout_loops_corners, nicolae_ru_awakened_eye,
          ebering_ghost_reflecting_pool, kennysheep_donut
D:4:      layout_rooms, kennysheep_little_box, minmay_temple_entry_fiery
D:5:      layout_gridville, mainiacjoe_overflow_tiny_flanked, fedhas_altar_2,
          lemuel_crystal_altar, jmf_multi_god_temple2, portal_sewer_entry_e
D:6:      layout_layer_cave, mainiacjoe_overflow_surrounded_room,
          yredelemnul_forgotten_temple_becter, gammafunk_ghost_hive
D:7:      layout_basic, lemuel_flamethrower_2, uniq_pikel
D:8:      layout_cave_pools, kennysheep_dice
D:9:      layout_loops_ring, tgw_kikubaaqudgha, serial_undead, serial_undead_d,
          serial_undead_f, serial_undead_c, serial_undead_f,
          minmay_fractal_squares_5
D:10:     layout_roguey, amcnicky_altar_gilded, dpeg_lair_monsters,
          gammafunk_ghost_hydra_chop, uniq_nergalle, uniq_fannar, uniq_erica,
          uniq_josephine
D:11:     layout_loops_corners, kennysheep_windowed_goal, uniq_snorg
D:12:     layout_basic, minmay_orc_entry_temple_small, drop_trap, jiyva_altar_1,
          uniq_rupert, uniq_frances, uniq_maurice
D:13:     layout_irregular_city, david_vaults_1
D:14:     layout_roguey, serial_park_tiny_pond, nicolae_trove_entry_crossroad
D:15:     grunt_enter_depths_snipers, layout_cave_pools,
          nicolae_qazlal_general_emergency, uniq_kirke, uniq_jorgrun
Lair:1:   layout_chaotic_city, grunt_megastairs_4
Lair:2:   dragon1_lemuel, layout_chaotic_city, guppyfry_snake_entry_island,
          portal_ice_cave_entry_imps
Lair:3:   layout_misc_corridors, swamp_mist_pool, nicolae_lair_lil_pond,
          pf_torpor_hydra, infiniplex_staircase_pool_2
Lair:4:   layout_long_grid, minmay_slime_entry_pillars
Lair:5:   evilmike_catoblepas_cave, layout_long_grid
Swamp:1:  layout_falls_marsh, evilmike_swamp_ruin_rubble_1, st_swamp_mini
Orc:1:    layout_diamond_mine, serial_shops, nicolae_shop_behind_doors
Orc:2:    kennysheep_orc_mage_school, layout_diamond_mine

Skill      XL: |  1  2  3  4  5  6  7  8  9 10 11 12 13 14 15 |
---------------+----------------------------------------------+-----
Axes           | 3 4 5 6 7 9 11 14 16 18 | 18.0
Evocations     | 1 0 |  0.0
Fighting       | 5 9 11 12 14 16 | 16.0
Shields        | 3 5 7 9 10 | 10.9
Armour         | 3 5 7 9 10 | 10.6

Action                   |  1- 3 |  4- 6 |  7- 9 | 10-12 | 13-15 || total
-------------------------+-------+-------+-------+-------+-------++-------
Melee: War axe           |    78 |    92 |    56 |   364 |   538 ||  1128
       Tailslap          |     4 |    19 |    29 |    46 |   146 ||   244
       Hand axe          |       |   118 |   107 |       |       ||   225
       Flail             |       |       |       |     7 |    23 ||    30
       Broad axe         |       |       |       |       |   196 ||   196
Invok: Sacrifice Nimblen |       |       |     1 |       |       ||     1
       Sacrifice Artific |       |       |     1 |       |       ||     1
       Power Leap        |       |       |       |     5 |     8 ||    13
       Apocalypse        |       |       |       |     3 |     8 ||    11
       Draw Out Power    |       |       |       |     1 |     3 ||     4
       Sacrifice Arcana  |       |       |       |     1 |       ||     1
       Reject Sacrifices |       |       |       |     1 |     1 ||     2
       Sacrifice Stealth |       |       |       |       |     1 ||     1
 Abil: Rolling Charge    |    15 |    38 |    30 |    58 |   145 ||   286
Evoke: Wand              |       |     1 |     3 |       |       ||     4
  Use: Scroll            |     1 |     8 |    13 |    13 |     8 ||    43
       Potion            |     1 |       |     3 |     9 |     7 ||    20
 Stab: Distracted        |       |       |     1 |     4 |     9 ||    14
       Paralysed         |       |       |       |     9 |    22 ||    31
       Invisible         |       |       |       |     2 |     5 ||     7
Armor: Scale mail        |    14 |       |       |       |       ||    14
       Ring mail         |    17 |    64 |    56 |   112 |   164 ||   413
       Skin              |    12 |     1 |       |     7 |    10 ||    30
       Plate armour      |       |       |       |       |   109 ||   109
Dodge: Dodged            |    22 |    46 |    54 |    94 |   192 ||   408
Block: Buckler           |     6 |    28 |    20 |    47 |     7 ||   108
       Tower shield      |       |       |       |       |   365 ||   365
